 Dungeon Crawl Stone Soup version 0.31-a0-851-g7ff8af7976 (webtiles) character file.

Game seed: 15600377331407306808

134229 Kurtz the Severer (level 17, -1/157 HPs)
             Began as a Naga Delver on Oct 7, 2023.
             Was a High Priest of Okawaru.
             Slain by a wolf spider (4 damage)
             ... summoned by a broodmother
             ... on level 4 of the Spider Nest.
             The game lasted 00:44:15 (33367 turns).

Kurtz the Severer (Naga Delver)                    Turns: 33367, Time: 00:44:16

Health: -1/157     AC: 32    Str: 14    XL:     17   Next: 16%
Magic:  4/20       EV:  8    Int: 13    God:    Okawaru [*****.]
Gold:   926        SH: 23    Dex: 17    Spells: 8/16 levels left

rFire   + . .        E - +4 broad axe of Fuxkopi {heavy, rElec rC++ rN+ Str-4 SInv}
rCold   + + .        M - +0 tower shield
rNeg    + . .        I - +7 chain mail of Death's Door {rElec Int+2}
rPois   +            L - +0 helmet
rElec   +            y - +0 cloak
rCorr   .            A - +2 pair of gloves {infuse}
SInv    +            P - +0 barding of the Ageing Gods {rF+ Regen+}
Will    +++..        o - amulet of reflection
Stlth   +            D - ring of willpower
HPRegen 1.26/turn    B - +5 ring of evasion
MPRegen 0.17/turn

%: reflection, infuse magic (1 MP)
@: lethally poisoned (-1 -> -20), hasted, quick
A: AC +5, large, see invisible, deformed body, poison resistance, slowness 2,
spit poison 1, naga tail 2
a: Spit Poison, Renounce Religion, Heroism, Finesse, Duel


You were on level 4 of the Spider Nest.
You worshipped Okawaru.
Okawaru was extremely pleased with you.
You visited 5 branches of the dungeon, and saw 27 of its levels.
You also visited: Sewer.

You collected 2399 gold pieces.
You spent 1473 gold pieces at shops.

Inventory:

Hand Weapons
 x - a +0 morningstar of draining
 E - the +4 broad axe of Fuxkopi (weapon) {heavy, rElec rC++ rN+ Str-4 SInv}
   (Okawaru gifted it to you on level 4 of the Lair of Beasts)

   Str-4:     It affects your strength (-4).
   rC++:      It greatly protects you from cold.
   rElec:     It insulates you from electricity.
   rN+:       It protects you from negative energy.
   SInv:      It lets you see invisible.
Missiles
 S - 20 silver javelins
 T - 20 poisoned darts
 V - 6 curare-tipped darts (quivered)
Armour
 y - a +0 cloak (worn)
 A - a +2 pair of gloves of infusion (worn)
 I - the +7 chain mail of Death's Door (worn) {rElec Int+2}
   (You found it on level 4 of the Dungeon)

   Int+2:     It affects your intelligence (+2).
   rElec:     It insulates you from electricity.
 L - a +0 helmet (worn)
 M - a +0 tower shield (worn)
 P - the +0 barding of the Ageing Gods (worn) {rF+ Regen+}
   (Okawaru gifted it to you on level 4 of the Lair of Beasts)

   rF+:       It protects you from fire.
   Regen+:    It increases your rate of health regeneration.
Jewellery
 m - a ring of resist corrosion
 o - an amulet of reflection (around neck)
 s - a ring of positive energy
 t - a ring of protection from cold
 B - a +5 ring of evasion (right hand)
 C - a +5 ring of evasion
 D - a ring of willpower (left hand)
Talismans
 J - a granite talisman
 R - a talisman of death
Wands
 g - a wand of digging (10)
 j - a wand of roots (14)
 v - a wand of flame (85)
 K - a wand of quicksilver (13)
 N - a wand of mindburst (5)
 O - a wand of paralysis (7)
 W - a wand of polymorph (11)
Scrolls
 b - 3 scrolls of noise
 c - 11 scrolls of fog
 d - 4 scrolls of revelation
 i - 4 scrolls of immolation
 k - 3 scrolls of fear
 l - 9 scrolls of teleportation
 p - a scroll of poison
 q - 6 scrolls of enchant weapon
 r - 5 scrolls of blinking
 u - 3 scrolls of vulnerability
 w - 4 scrolls of enchant armour
 z - 2 scrolls of brand weapon
 Y - 2 scrolls of silence
Potions
 a - 3 potions of invisibility
 e - 4 potions of might
 f - 5 potions of haste
 h - 2 potions of magic
 n - 8 potions of enlightenment
 F - 3 potions of heal wounds
 G - 11 potions of curing
 H - 3 potions of ambrosia
 Q - 3 potions of resistance
 U - 5 potions of mutation
 Z - 6 potions of brilliance
Miscellaneous
 X - a tin of tremorstones (2/2)


   Skills:
 - Level 11.5 Fighting
 - Level 18.8 Axes
 - Level 10.3 Armour
 - Level 6.5 Dodging
 - Level 7.2 Stealth
 * Level 12.6 Shields
 - Level 4.7 Invocations
 * Level 7.8 Shapeshifting


You had 8 spell levels left.
You knew the following spells:

 Your Spells              Type           Power      Damage    Failure   Level
a - Ignition              Fire           0%         3d3       100%        8

Your spell library contained the following spells:

 Spells                   Type           Power      Damage    Failure   Level
 Freeze                   Ice            0%         1d3       100%        1
 Ensorcelled Hibernation  Hex/Ice        0%         N/A       100%        2
 Passwall                 Tmut/Erth      0%         N/A       100%        2
 Frozen Ramparts          Ice            0%         1d1       100%        3
 Hailstorm                Conj/Ice       0%         3d3       100%        3
 Inner Flame              Hex/Fire       0%         N/A       100%        3
 Swiftness                Air            0%         N/A       100%        3
 Teleport Other           Tloc           0%         N/A       100%        3
 Flame Wave               Conj/Fire      0%         2d4       100%        4
 Olgreb's Toxic Radiance  Pois           0%         N/A       100%        4
 Petrify                  Tmut/Erth      0%         N/A       100%        4
 Sticky Flame             Conj/Fire      0%         2d3       100%        4
 Metabolic Englaciation   Hex/Ice        0%         N/A       100%        5
 Borgnjor's Revivificati  Necr           0%         N/A       100%        8
 Discord                  Hex            0%         N/A       100%        8
 Death's Door             Necr           0%         N/A       100%        9
 Tukima's Dance           Hex            Unusable   N/A       N/A         3
 Haunt                    Necr/Summ      Unusable   N/A       N/A         7

Dungeon Overview and Level Annotations

Branches:
Dungeon (15/15)            Temple (1/1) D:5            Lair (5/5) D:8
 Shoals (0/4) Lair:3       Spider (4/4) Lair:3        Slime (0/5) Lair:5
    Orc (2/2) D:9             Elf (0/3) Orc:2        Vaults (0/5) D:14
 Depths (0/4) D:15          Sewer (visited)

Altars:
Ashenzari
Cheibriados
Dithmenos
Elyvilon
Fedhas
Gozag
Hepliaklqana
Kikubaaqudgha
Makhleb
Nemelex Xobeh
Okawaru
Qazlal
Ru
Sif Muna
Trog
Uskayaw
Vehumet
Wu Jian
Xom
Yredelemnul
Zin
The Shining One
Jiyva
Lugonu

Shops:
D:4 !   D:10 *   Orc:1 (   Orc:2 ==?[*

Portals:
Abyss: Lair:5

Annotations:
D:4 1 runed translucent door, Crazy Yiuf
D:9 1 runed translucent door, exclusion: downstairs, croobank's ghost, novice GnDe
Temple 2 transporters
Lair:1 exclusion: downstairs
Lair:3 exclusion: 2 downstairs
Lair:5 1 runed translucent door


Innate Abilities, Weirdness & Mutations

Your serpentine skin is tough. (AC +5)
You have supernaturally acute eyesight. (SInv)
Armour fits poorly on your strangely shaped body.
Your system is resistant to poisons. (rPois)
You cover ground very slowly.
You can spit poison.
You can use your snake-like lower body to constrict enemies.


Message History

A tarantella comes into view.
The redback bites you but does no damage.
You are caught in the web!
You feel very sick. The redback barely misses you.
A wolf spider comes into view.
There is a web here.
You disentangle yourself.
You feel very sick. You block the redback's attack. x2
You feel very sick. The redback attacks as it pursues you!
The redback bites you but does no damage. x2
You feel sick. The redback attacks as it pursues you!
You block the redback's attack. x2
You feel sick.
You feel sick. The redback attacks as it pursues you!
You block the redback's attack.
The redback bites you but does no damage.
The tarantella touches you but does no damage.
You feel sick. The wolf spider hits you!
* * * LOW HITPOINT WARNING * * *
The wolf spider barely misses you.
You feel sick. You block the redback's attack.
You block the wolf spider's attack.
The wolf spider bites you but does no damage.
You feel sick.
You are no longer poisoned.
The wolf spider attacks as it pursues you!
You block the wolf spider's attack. x2
The wolf spider hits you but does no damage.
The wolf spider bites you.
* * * LOW HITPOINT WARNING * * *
You are lethally poisoned!
The wolf spider poisons you!
You feel yourself speed up.
* * * LOW HITPOINT WARNING * * *
You feel extremely sick.
You block the wolf spider's attack. x3; The wolf spider bites you.
You die...

...............##.
##.......^##.....#
#.s......s...####
#...?...s#.....^#...
^#..#..#......##...
###.^..#ss##...^.#.
###....#^#s.#..#..#.
#...^.†.#^#ss##^...##.
..#^###....#@s#..#....
#.....^.##.#.##..#..###
....#....#..#..<#.....#
.. #..#..###..#...#
#...#^....#.#.#.#
##..#..#.##.#.#... ..
#...#.#..#...## ..#
#.^....#..##...^# ...
#.##.....#. ###.


You could see a broodmother, 4 wolf spiders, an orb spider (summoned), a
tarantella and a redback (summoned).

Vanquished Creatures
  Frances (Spider:2)
  Kirke (D:15)
  Roxanne (Spider:2)
  Louise (Spider:1)
  2 emperor scorpions
  3 ghost moths
  3 broodmothers
  A slime creature (D:14)
  3 vault guards (D:14)
  2 entropy weavers
  6 hydras
  Erolcha (D:10)
  Fannar (Orc:1)
  7 boulder beetles
  12 death yaks
  A catoblepas (D:12)
  3 ogre magi
  3 centaur warriors
  A death scarab (Spider:2)
  4 thrashing horrors (Lair:5)
  9 two-headed ogres
  An orc high priest (Orc:2)
  4 demonic crawlers
  A skyshark (Lair:3)
  Nergalle (Orc:2)
  4 pharaoh ants
  A sun moth (Spider:1)
  9 orb spiders
  4 necromancers
  2 wizards
  4 steelbarb worms
  A deep elf zephyrmancer (D:15)
  3 deep elf pyromancers
  9 ugly things
  9 wolf spiders
  6 elephants
  3 manticores
  10 orc sorcerers
  5 cyclopes
  Joseph (D:8)
  10 cane toads
  5 black mambas
  2 smoke demons (Lair:5)
  A naga mage (D:15)
  3 torpor snails
  A cane toad (shapeshifter) (Lair:5)
  2 gargoyles
  An unseen horror (D:12)
  2 centaur skeletons (D:15)
  2 rime drakes
  3 efreet
  16 komodo dragons
  A yaktaur (D:15)
  5 trolls
  2 meliai
  A wind drake (Lair:3)
  A polar bear (Lair:2)
  3 hornets (Spider:1)
  2 blink frogs (shapeshifter)
  12 tarantellas
  A raiju (Lair:5)
  2 large abominations (Lair:5)
  35 blink frogs
  15 culicivoras
  A centaur simulacrum (D:15)
  Sigmund (D:3)
  16 jumping spiders
  A shadow (D:10)
  6 wyverns
  A yak (shapeshifter) (Lair:5)
  A hog (D:15)
  23 humans
  42 yaks
  Grum (Lair:1)
  7 wraiths
  4 fire bats (Lair:5)
  A steam dragon (D:7)
  7 basilisks
  4 vampire mosquitoes (D:12)
  A chaos spawn (Lair:5)
  31 redbacks
  2 wargs (Orc:2)
  4 acid dragons
  16 water moccasins
  Pargi (Sewer)
  2 ice beasts (D:7)
  6 orc warriors
  9 ogres
  9 wolves
  10 centaurs
  Blork the orc (D:5)
  4 kobold brigands
  18 bullfrogs
  3 scorpions
  6 earth elementals (D:12)
  9 small abominations (Lair:5)
  10 killer bees
  6 electric eels
  2 howler monkeys
  3 hounds
  A jelly (D:7)
  2 gnoll boudas (D:7)
  9 orc priests
  3 sleepcaps
  Jessica (D:3)
  Natasha (thrice) (D:3)
  Terence (D:3)
  36 orc wizards
  14 iguanas
  A statue (D:13)
  6 gnolls
  7 adders
  3 shadow imps
  A worm (D:2)
  3 dart slugs
  62 orcs
  9 endoplasms
  2 giant cockroaches
  8 goblins
  7 hobgoblins
  17 kobolds
  3 quokkas
  11 ball pythons
  20 bats
  15 frilled lizards
  9 rats
795 creatures vanquished.

Vanquished Creatures (others)
  An orc priest (Orc:2)
  2 orc wizards
  2 orcs
5 creatures vanquished.

Grand Total: 800 creatures vanquished

Notes
Turn   | Place    | Note
-------+----------+-------------------------------------------
     0 | D:5      | Kurtz the Naga Delver began the quest for the Orb.
     0 | D:5      | Reached XP level 1. HP: 21/21 MP: 1/1
   105 | D:3      | Noticed Sigmund
   254 | D:1      | Reached XP level 2. HP: 23/28 MP: 2/2
   381 | D:1      | Reached skill level 3 in Axes
   616 | D:1      | Reached XP level 3. HP: 34/34 MP: 3/3
   885 | D:1      | Reached skill level 4 in Axes
  1451 | D:2      | Reached XP level 4. HP: 42/42 MP: 4/4
  2336 | D:3      | Found a stormy altar of Qazlal.
  2471 | D:3      | Noticed Terence
  2481 | D:3      | Killed Terence
  2572 | D:3      | Noticed Jessica
  2574 | D:3      | Killed Jessica
  2575 | D:3      | Reached skill level 5 in Axes
  2575 | D:3      | Reached XP level 5. HP: 49/49 MP: 5/5
  2590 | D:3      | Noticed Natasha
  2601 | D:3      | Killed Natasha
  2890 | D:3      | Noticed Natasha
  2896 | D:3      | Killed Natasha
  2945 | D:4      | Reached skill level 6 in Axes
  2997 | D:4      | Reached XP level 6. HP: 32/56 MP: 6/6
  3147 | D:4      | Found Uhucvamm's Distillery.
  3178 | D:4      | Bought a potion of heal wounds for 50 gold pieces
  3178 | D:4      | Bought a potion of curing for 30 gold pieces
  3178 | D:4      | Bought a potion of ambrosia for 80 gold pieces
  3302 | D:4      | Identified the +2 leather armour of Gehenna {Harm rPois
                  | rCorr Dex-4}
  3366 | D:4      | Identified the +7 chain mail of Death's Door {rElec Int+2}
  3556 | D:4      | Found a transporter.
  3646 | D:4      | Found a transporter.
  3664 | D:4      | Reached skill level 7 in Axes
  3666 | D:4      | Reached XP level 7. HP: 53/62 MP: 7/7
  3719 | D:4      | Found a runed translucent door.
  3720 | D:4      | Noticed Crazy Yiuf
  3980 | D:3      | Noticed Natasha
  3991 | D:3      | Killed Natasha
  4179 | D:3      | Reached skill level 1 in Shields
  4312 | D:3      | Found a faded altar of an unknown god.
  5070 | D:3      | Killed Sigmund
  5071 | D:3      | Reached skill level 8 in Axes
  5357 | D:5      | Found a staircase to the Ecumenical Temple.
  5366 | Temple   | Found a transporter.
  5366 | Temple   | Found a transporter.
  5366 | Temple   | Found a transporter.
  5366 | Temple   | Found a transporter.
  5366 | Temple   | Entered the Ecumenical Temple
  5382 | Temple   | Became a worshipper of Warmaster Okawaru
  5418 | D:5      | Reached XP level 8. HP: 69/69 MP: 8/8
  5604 | D:5      | Reached skill level 1 in Invocations
  5688 | D:5      | Reached skill level 9 in Axes
  5800 | D:5      | Reached * piety under Okawaru
  5895 | D:5      | Noticed Blork the orc
  5990 | D:5      | Killed Blork the orc
  6038 | D:5      | Noticed a yak
  6038 | D:5      | Noticed a yak
  6038 | D:5      | Noticed a yak
  6046 | D:5      | Killed a yak
  6046 | D:5      | Killed a yak
  6053 | D:5      | Killed a yak
  6053 | D:5      | Reached ** piety under Okawaru
  6054 | D:5      | Reached skill level 10 in Axes
  6054 | D:5      | Reached XP level 9. HP: 70/78 MP: 10/10
  6919 | D:6      | Identified the +1 buckler "Wyetuixt" {rPois Will- Dex+5
                  | SInv}
  6958 | D:6      | Found a glowing drain.
  6977 | Sewer    | Entered a sewer
  7003 | Sewer    | Noticed Pargi
  7009 | Sewer    | Killed Pargi
  7661 | D:7      | Reached skill level 5 in Fighting
  7661 | D:7      | Reached skill level 11 in Axes
  7800 | D:7      | Reached *** piety under Okawaru
  7878 | D:7      | Reached XP level 10. HP: 57/88 MP: 12/12
  8453 | D:8      | Noticed a two-headed ogre
  8461 | D:8      | Noticed Joseph
  8466 | D:8      | Killed a two-headed ogre
  8466 | D:8      | Reached **** piety under Okawaru
  8467 | D:8      | Reached skill level 5 in Shields
  8504 | D:7      | Reached skill level 12 in Axes
  8922 | D:8      | Killed Joseph
  9454 | D:7      | Learned a level 8 spell: Ignition
  9514 | D:7      | Reached skill level 1 in Armour
  9803 | D:8      | Found a staircase to the Lair.
  9918 | D:8      | Reached XP level 11. HP: 99/99 MP: 14/14
  9945 | D:8      | Found a glowing silver altar of Zin.
  9946 | D:8      | Found a bloodstained altar of Trog.
 10098 | D:9      | Found a staircase to the Orcish Mines.
 10098 | D:9      | Found a runed translucent door.
 10140 | D:9      | Reached ***** piety under Okawaru
 10309 | D:9      | Identified the +1 trident "Becued" {spect, rPois MP+9 Int+3
                  | Stlth-}
 10309 | D:9      | Identified the +1 trident "Becued" {spect, rPois MP+9 Int+3
                  | Stlth-}
 10310 | D:9      | Noticed croobank's ghost (novice GnDe)
 10384 | D:9      | Noticed a two-headed ogre
 10393 | D:9      | Killed a two-headed ogre
 11065 | D:10     | Entered Level 10 of the Dungeon
 11357 | D:10     | Noticed Erolcha
 11551 | D:10     | Killed Erolcha
 11551 | D:10     | Received a gift from Okawaru
 11694 | D:10     | Reached skill level 5 in Armour
 11719 | D:10     | Found Damyqes's General Store.
 11736 | D:10     | Bought 3 scrolls of identify for 96 gold pieces
 11752 | D:10     | Bought a potion of heal wounds for 80 gold pieces
 11914 | D:10     | Noticed a two-headed ogre
 11926 | D:10     | Killed a two-headed ogre
 13044 | D:11     | Noticed a cyclops
 13058 | D:11     | Killed a cyclops
 13310 | Lair:1   | Entered Level 1 of the Lair of Beasts
 13676 | Lair:1   | Received a gift from Okawaru
 13683 | Lair:1   | Reached XP level 12. HP: 86/106 MP: 15/15
 14050 | Lair:1   | Noticed Grum
 14065 | Lair:1   | Killed Grum
 14355 | Lair:1   | Reached skill level 13 in Axes
 14355 | Lair:1   | Reached skill level 5 in Dodging
 14771 | Lair:2   | Noticed a death yak
 14772 | Lair:2   | Noticed a death yak
 14773 | Lair:2   | Noticed a death yak
 14773 | Lair:2   | Noticed a death yak
 14796 | Lair:1   | Killed a death yak
 14800 | Lair:1   | Killed a death yak
 15458 | Lair:2   | Reached skill level 14 in Axes
 15723 | Lair:2   | Noticed a death yak
 15724 | Lair:2   | Noticed a death yak
 15745 | Lair:2   | Killed a death yak
 15745 | Lair:2   | Received a gift from Okawaru
 15756 | Lair:2   | Killed a death yak
 15762 | Lair:2   | Killed a death yak
 15763 | Lair:2   | Killed a death yak
 15764 | Lair:2   | Gained mutation: You can use your snake-like lower body to
                  | constrict enemies. [Naga growth]
 15764 | Lair:2   | Reached XP level 13. HP: 75/115 MP: 9/16
 16710 | Lair:3   | Received a gift from Okawaru
 16712 | Lair:3   | Found a hole to the Spider Nest.
 17512 | Lair:3   | Found a staircase to the Shoals.
 18252 | Lair:3   | Received a gift from Okawaru
 19228 | Lair:4   | Reached skill level 10 in Armour
 19240 | Lair:4   | Reached XP level 14. HP: 72/129 MP: 17/17
 19842 | Lair:5   | Entered Level 5 of the Lair of Beasts
 19867 | Lair:5   | Found a runed translucent door.
 19939 | Lair:5   | Reached ****** piety under Okawaru
 19965 | Lair:4   | Acquired the +4 broad axe of Fuxkopi {heavy, rElec rC++ rN+
                  | Str-4 SInv}
 19965 | Lair:4   | Received a gift from Okawaru
 19972 | Lair:4   | Acquired the +0 barding of the Ageing Gods {rF+ Regen+}
 19972 | Lair:4   | Received a gift from Okawaru
 20059 | Lair:5   | Received a gift from Okawaru
 20278 | Lair:5   | Found a viscous altar of Jiyva.
 20279 | Lair:5   | Found a staircase to the Slime Pits.
 20540 | Lair:5   | Reached skill level 15 in Axes
 20610 | Lair:5   | Identified the +1 ring mail of Kithisee {rPois}
 20628 | Lair:5   | Received a gift from Okawaru
 20790 | Lair:5   | Found a corrupted altar of Lugonu.
 20790 | Lair:5   | Found a one-way gate to the infinite horrors of the Abyss.
 20869 | Lair:5   | Reached skill level 16 in Axes
 21255 | Orc:1    | Entered Level 1 of the Orcish Mines
 21279 | Orc:1    | Noticed Fannar
 21282 | Orc:1    | Found Lopesaomm's Weapon Emporium.
 21287 | Orc:1    | Killed Fannar
 21606 | Orc:1    | Found a burning altar of Makhleb.
 21806 | Orc:2    | Entered Level 2 of the Orcish Mines
 21976 | Orc:2    | Found a staircase to the Elven Halls.
 22014 | Orc:2    | Found Nealuz's Needful Niceties.
 22119 | Orc:2    | Received a gift from Okawaru
 22513 | Orc:2    | Found Qatz's Magic Scroll Emporium.
 22542 | Orc:2    | Found an ancient bone altar of Kikubaaqudgha.
 22543 | Orc:2    | Noticed Nergalle
 22551 | Orc:2    | Killed Nergalle
 22646 | Orc:2    | Found a radiant altar of Vehumet.
 22651 | Orc:2    | Reached skill level 17 in Axes
 22651 | Orc:2    | Reached XP level 15. HP: 131/136 MP: 12/18
 22756 | Orc:2    | Found Ciajeej's Jewellery Emporium.
 22816 | Orc:2    | Found Kamickou's Jewellery Shoppe.
 22836 | Orc:2    | Found Leocs's Antique Armour Shoppe.
 22839 | Orc:2    | Bought a talisman of death for 1137 gold pieces
 23421 | D:12     | Reached skill level 1 in Shapeshifting
 23426 | D:12     | Received a gift from Okawaru
 24204 | D:12     | Identified the +11 quarterstaff of Lathryuj {holy, rF- rN++
                  | Dex+2 SInv}
 24491 | D:13     | Found a radiant altar of Vehumet.
 24905 | D:13     | Reached skill level 10 in Fighting
 25162 | D:13     | Received a gift from Okawaru
 25826 | D:14     | Reached skill level 18 in Axes
 26351 | D:14     | Found a gate to the Vaults.
 26567 | D:14     | Found an opulent altar of Gozag.
 26984 | D:15     | Entered Level 15 of the Dungeon
 26992 | D:15     | Received a gift from Okawaru
 27086 | D:15     | Noticed Kirke
 27096 | D:15     | Killed Kirke
 27641 | D:15     | Reached XP level 16. HP: 133/150 MP: 11/19
 28193 | D:15     | Received a gift from Okawaru
 28232 | D:15     | Found a staircase to the Depths.
 28611 | Spider:1 | Entered Level 1 of the Spider Nest
 28866 | Lair:3   | Reached skill level 5 in Shapeshifting
 29387 | Spider:1 | Noticed Louise
 29404 | Spider:1 | Killed Louise
 29960 | Spider:1 | Received a gift from Okawaru
 30191 | Spider:2 | Reached skill level 10 in Shields
 30486 | Spider:2 | Noticed Frances
 30505 | Spider:2 | Killed Frances
 30987 | Spider:2 | Noticed Roxanne
 31005 | Spider:2 | Received a gift from Okawaru
 31534 | Spider:2 | Killed Roxanne
 32350 | Spider:3 | Reached XP level 17. HP: 157/157 MP: 15/20
 32550 | Spider:3 | Got a conspicuous book
 32717 | Spider:3 | Received a gift from Okawaru
 33234 | Spider:4 | Entered Level 4 of the Spider Nest
 33367 | Spider:4 | HP: 3/157 [poisoned by a wolf spider]
 33367 | Spider:4 | Slain by a wolf spider

Illustrated notes

Levels and vault maps discovered:
D:1:      saegor_arrival_under_anarchy, layout_loops_ring, hex_tiny,
          minivault_25, serial_park_tiny_pond
D:2:      minmay_general_purpose_star, layout_basic, dreamdust_princess_corridor
D:3:      layout_basic, nicolae_qazlal_scattered_showers,
          basic_ecumenical_altar, wad_floor_pattern_2, uniq_natasha,
          uniq_terence, uniq_sigmund, uniq_jessica
D:4:      gammafunk_steamed_eel, layout_basic, serial_shops, shop,
          uniq_crazy_yiuf_cottage
D:5:      layout_basic, minmay_temple_entry_junction_2, water_boxes_lemuel,
          uniq_blork_the_orc
D:6:      layout_cave_pools, gup_sewer_entry_glass
D:7:      layout_rooms, minmay_misc_feat_rugged, amcnicky_mini_pool_medium
D:8:      layout_rooms, chequers_temple_overflow_statue_of_worship,
          minmay_lair_entry_grove, uniq_joseph
D:9:      layout_layer_cave, orc_0_dummy, ebering_ghost_funeral_grove
D:10:     layout_cave_pools, serial_shops, shop_fountains, roderic_batcave,
          minmay_joined_circles, uniq_erolcha
D:11:     layout_roguey
D:12:     layout_gridville, hangedman_cracks_in_the_wall
D:13:     layout_basic, vehumet_statue
D:14:     layout_gridville, grunt_vaults_entry_tiered,
          chequers_serial_rivers_marsh,
          nicolae_gozag_cash_rules_everything_around_me
D:15:     grunt_enter_depths_magical_seal, layout_loops_corners,
          minmay_misc_feat_five, drop_trap, uniq_kirke
Temple:   hellmonk_temple_divided_pantheon
Lair:1:   layout_chaotic_city, serial_bayou_shore_a, uniq_grum
Lair:2:   layout_regular_city, grunt_megastairs_4
Lair:3:   lemuel_reptile_caves, layout_small_grid, minmay_shoals_entry_beasts,
          hellmonk_spider_entry_not_the_bees
Lair:4:   layout_cave_pods, grunt_megastairs_1
Lair:5:   hellmonk_lair_end_abyssal_woods, layout_gridlike, slime_entry_2
Spider:1: layout_spider_delve, guppyfry_hornet_nest, uniq_louise
Spider:2: layout_chambers, uniq_roxanne, uniq_frances
Spider:3: layout_spider_delve, hangedman_spider_tarantella_strand
Spider:4: hellmonk_spider_rune_endless_swarm, uniq_asterion, uniq_nikola
Orc:1:    layout_caves, basic_altar, serial_shops, nicolae_shop_tiny_glass,
          uniq_fannar
Orc:2:    kennysheep_orc_mage_school, layout_caves, nicolae_alphabet_shops

Skill      XL: |  1  2  3  4  5  6  7  8  9 10 11 12 13 14 15 16 17 |
---------------+----------------------------------------------------+-----
Axes           | 3 4 5 6 7 8 10 11 12 14 17 18 | 18.8
Shields        | 1 3 4 6 9 11 12 | 12.6
Invocations    | 2 3 4 |  4.7
Fighting       | 4 5 6 7 9 11 | 11.5
Armour         | 2 7 8 10 | 10.3
Dodging        | 2 4 5 6 |  6.5
Shapeshifting  | 4 7 |  7.8
Stealth        | |  7.2

Action                     |  1- 3 |  4- 6 |  7- 9 | 10-12 | 13-15 | 16-18 || total
---------------------------+-------+-------+-------+-------+-------+-------++-------
  Melee: Hand axe          |    93 |    22 |   303 |   775 |   401 |       ||  1594
         Morningstar       |       |   115 |       |       |    38 |       ||   153
         Punch             |       |     2 |       |       |       |       ||     2
         Constrict         |       |       |       |       |   206 |    84 ||   290
         Broad axe         |       |       |       |       |   599 |   381 ||   980
  Throw: Javelin           |       |       |     3 |     9 |     7 |       ||    19
         Dart              |       |       |       |     5 |     3 |     6 ||    14
 Invoke: Heroism           |       |       |     1 |     8 |     4 |     4 ||    17
         Finesse           |       |       |       |     3 |     1 |     3 ||     7
         Receive Weapon    |       |       |       |       |     1 |       ||     1
         Receive Armour    |       |       |       |       |     1 |       ||     1
Ability: Spit Poison       |       |       |     1 |     2 |       |       ||     3
  Evoke: Wand              |       |     2 |    10 |    15 |    11 |       ||    38
    Use: Scroll            |     1 |       |     1 |    14 |     8 |     3 ||    27
         Potion            |       |       |       |     1 |       |     2 ||     3
   Stab: Sleeping          |    15 |     2 |       |       |       |       ||    17
         Petrified         |       |       |       |       |     2 |       ||     2
 Armour: Leather armour    |    60 |       |       |       |       |       ||    60
         Scale mail        |    18 |    52 |       |       |       |       ||    70
         Chain mail        |       |   108 |   223 |   575 |   765 |   466 ||  2137
  Dodge: Dodged            |    55 |    47 |    45 |   158 |   413 |   195 ||   913
  Block: Kite shield       |       |       |   118 |   362 |   584 |   115 ||  1179
         Tower shield      |       |       |       |       |       |   436 ||   436
         Reflection        |       |       |       |       |       |     2 ||     2

Table legend: (Time is in decaauts)
 A = Elapsed time spent in this place.
 B = Non-inter-level travel time spent in this place.
 C = Inter-level travel time spent in this place.
 D = Time resting spent in this place.
 E = Time spent auto-exploring this place.
 F = Levels seen in this place.
 G = Mean time per level.
                   A        B        C        D        E       F      G
               +--------+--------+--------+--------+--------+-----+--------+
         Total |  40768 |  37630 |   3138 |   7905 |  22969 |  28 | 1456.0 |
       Dungeon |  23505 |  21224 |   2281 |   3658 |  14012 |  15 | 1567.0 |
        Temple |     45 |     45 |      0 |      0 |      0 |   1 |   45.0 |
          Lair |   9631 |   9058 |    573 |   2609 |   4753 |   5 | 1926.2 |
   Spider Nest |   5171 |   5041 |    130 |   1277 |   2832 |   4 | 1292.8 |
  Orcish Mines |   2301 |   2149 |    152 |    360 |   1294 |   2 | 1150.5 |
         Sewer |    114 |    114 |      0 |      0 |     77 |   1 |  114.0 |
               +--------+--------+--------+--------+--------+-----+--------+

Top non-repeatable levels by time:
Spider:2: 2586 daAuts
  Lair:3: 2555 daAuts
     D:5: 2148 daAuts
     D:7: 2131 daAuts
     D:3: 2125 daAuts
  Lair:4: 1970 daAuts
  Lair:2: 1862 daAuts
    D:14: 1845 daAuts
    D:15: 1734 daAuts
     D:9: 1717 daAuts
  Lair:1: 1665 daAuts
    D:12: 1635 daAuts
     D:2: 1630 daAuts
  Lair:5: 1578 daAuts
     D:4: 1576 daAuts
